 Dungeon Crawl Stone Soup version 0.28.0-53-g5a82cb258f (webtiles) character file.

Game seed: 8715296982288845185

189 MisterFreud the Covert (level 5, 0/47 HPs)
             Began as a Gnoll Delver on July 22, 2022.
             Slain by a mummy (15 damage)
             ... in an ossuary.
             The game lasted 00:00:38 (212 turns).

MisterFreud the Covert (Gnoll Delver)                Turns: 212, Time: 00:00:39

Health: 0/47       AC:  3    Str: 11    XL:     5   Next: 68%
Magic:  7/7        EV: 13    Int: 12    God:
Gold:   12         SH:  0    Dex: 13    Spells: 7/7 levels left

rFire   . . .      SeeInvis .   a - +0 short sword
rCold   . . .      Faith    .   (no shield)
rNeg    . . .      Spirit   .   b - +0 leather armour
rPois   .          Reflect  .   (no helmet)
rElec   .          Harm     .   (no cloak)
rCorr   .          Rampage  .   (no gloves)
Will    .....                   (no boots)
Stlth   ++++......              (no amulet)
HPRegen 0.15/turn               (no ring)
MPRegen 0.10/turn               (no ring)

@: no status effects
A: fangs 1, strong nose, distributed training
a: no special abilities


You were in an ossuary.
You visited 1 branch of the dungeon, and saw 3 of its levels.
You also visited: Ossuary.

You collected 12 gold pieces.

Inventory:

Hand Weapons
 a - a +0 short sword (weapon)
Armour
 b - a +0 leather armour (worn)
Wands
 g - a wand of digging (3)
Scrolls
 c - a scroll of fog
 d - a scroll of magic mapping
 e - 2 scrolls of fear
Potions
 f - a potion of haste
 h - a potion of heal wounds {unknown}
 i - a potion of invisibility {unknown}


   Skills:
 + Level 6.7 Fighting
 + Level 4.8 Short Blades
 + Level 1.6 Long Blades
 + Level 1.6 Axes
 + Level 1.6 Maces & Flails
 + Level 1.6 Polearms
 + Level 1.6 Staves
 + Level 1.6 Slings
 + Level 1.6 Bows
 + Level 1.6 Crossbows
 + Level 1.6 Throwing
 + Level 1.6 Armour
 + Level 4.8 Dodging
 + Level 9.7 Stealth
 + Level 1.6 Shields
 + Level 1.6 Unarmed Combat
 + Level 1.6 Spellcasting
 + Level 1.2 Conjurations
 + Level 1.2 Hexes
 + Level 1.2 Summonings
 + Level 1.2 Necromancy
 + Level 1.2 Translocations
 + Level 1.2 Transmutations
 + Level 1.2 Fire Magic
 + Level 1.2 Ice Magic
 + Level 1.2 Air Magic
 + Level 1.2 Earth Magic
 + Level 1.2 Poison Magic
 + Level 1.8 Invocations
 + Level 1.6 Evocations


You had 7 spell levels left.
You didn't know any spells.
Your spell library contained the following spells:

 Spells                   Type           Power      Damage    Failure   Level
 Call Canine Familiar     Summ           4%         N/A       54%         3
 Portal Projectile        Hex/Tloc       8%         N/A       54%         3
 Leda's Liquefaction      Hex/Erth       2%         N/A       91%         4


Dungeon Overview and Level Annotations

Branches:
Dungeon (6/15)            Ossuary (1/1)
 Temple: D:4-7

Altars:


Innate Abilities, Weirdness & Mutations

You have very sharp teeth.
Your uncanny sense of smell can sniff out nearby items.
Your experience applies equally to all skills.


Message History

You hit the mummy but do no damage.
The mummy is lightly damaged.
You hit the mummy.
The mummy is moderately damaged.
The mummy hits you!
You barely miss the mummy.
The mummy is moderately damaged.
You hit the mummy but do no damage.
The mummy is moderately damaged.
The mummy hits you but does no damage.
You hit the mummy. You bite the mummy, but do no damage.
The mummy is heavily damaged.
You hit the mummy but do no damage. You bite the mummy, but do no damage.
The mummy is heavily damaged.
The mummy completely misses you.
You hit the mummy. You bite the mummy.
The mummy is severely damaged.
You barely miss the mummy.
The mummy is severely damaged.
The mummy hits you!
* * * LOW HITPOINT WARNING * * *
You hit the mummy.
The mummy is severely damaged.
You hit the mummy but do no damage.
The mummy is severely damaged.
The mummy misses you.
You barely miss the mummy. Your bite misses the mummy.
The mummy is severely damaged.
You hit the mummy but do no damage. You punch the mummy, but do no damage.
The mummy is severely damaged.
The mummy closely misses you.
You hit the mummy but do no damage.
The mummy is severely damaged.
You hit the mummy but do no damage.
The mummy is severely damaged.
The mummy misses you.
You hit the mummy.
The mummy is almost destroyed.
The mummy hits you!
You die...

##.......###..#
#.........#...+
+....⌠...^'...#
#...^.....#...+
##.......###..#
##.....## ##.+
###'### #.# #.#
##.## ∆ ##.##
#?@!# ∆ #.∩.#
#!?M# #.∩.#
##### #####


You could see a mummy.

Vanquished Creatures
  A black bear (D:6)
  A scorpion (D:5)
  A hound (D:5)
  An ufetubus (D:4)
  An adder zombie (D:5)
5 creatures vanquished.

Notes
Turn   | Place    | Note
-------+----------+-------------------------------------------
     0 | D:5      | Reached skill level 9 in Stealth
     0 | D:5      | MisterFreud the Gnoll Delver began the quest for the Orb.
     0 | D:5      | Reached XP level 1. HP: 23/23 MP: 1/1
     1 | D:6      | Noticed a black bear
     3 | D:6      | Killed a black bear
     4 | D:6      | Reached skill level 1 in Long Blades
     4 | D:6      | Reached skill level 1 in Axes
     4 | D:6      | Reached skill level 1 in Maces & Flails
     4 | D:6      | Reached skill level 1 in Polearms
     4 | D:6      | Reached skill level 1 in Staves
     4 | D:6      | Reached skill level 1 in Slings
     4 | D:6      | Reached skill level 1 in Bows
     4 | D:6      | Reached skill level 1 in Crossbows
     4 | D:6      | Reached skill level 1 in Throwing
     4 | D:6      | Reached skill level 1 in Armour
     4 | D:6      | Reached skill level 1 in Shields
     4 | D:6      | Reached skill level 1 in Unarmed Combat
     4 | D:6      | Reached skill level 1 in Spellcasting
     4 | D:6      | Reached skill level 1 in Conjurations
     4 | D:6      | Reached skill level 1 in Hexes
     4 | D:6      | Reached skill level 1 in Summonings
     4 | D:6      | Reached skill level 1 in Necromancy
     4 | D:6      | Reached skill level 1 in Translocations
     4 | D:6      | Reached skill level 1 in Transmutations
     4 | D:6      | Reached skill level 1 in Fire Magic
     4 | D:6      | Reached skill level 1 in Ice Magic
     4 | D:6      | Reached skill level 1 in Air Magic
     4 | D:6      | Reached skill level 1 in Earth Magic
     4 | D:6      | Reached skill level 1 in Poison Magic
     4 | D:6      | Reached skill level 1 in Invocations
     4 | D:6      | Reached skill level 1 in Evocations
     4 | D:6      | Reached XP level 2. HP: 29/29 MP: 1/3
     4 | D:6      | Reached XP level 3. HP: 35/35 MP: 1/4
     4 | D:6      | Reached XP level 4. HP: 41/41 MP: 1/5
    19 | D:5      | Reached XP level 5. HP: 47/47 MP: 2/6
   170 | D:4      | Found a sand-covered staircase.
   175 | Ossuary  | Entered an ossuary
   212 | Ossuary  | Slain by a mummy

Illustrated notes

Levels and vault maps discovered:
D:4:      layout_loops_ring, mainiacjoe_overflow_boulevard,
          minmay_temple_entry_wispy, enter_ossuary_5, minmay_pentangle
D:5:      minmay_chambers_of_threes, layout_rooms, nrook_mini_vaults,
          uniq_duvessa
D:6:      layout_cave_pools, uniq_menkaure, uniq_pikel
Ossuary:  ossuary_crypta

Skill      XL: |  1 |
---------------+----+-----
Stealth        | |  9.7
Long Blades    | 1 |  1.6
Axes           | 1 |  1.6
Maces & Flails | 1 |  1.6
Polearms       | 1 |  1.6
Staves         | 1 |  1.6
Slings         | 1 |  1.6
Bows           | 1 |  1.6
Crossbows      | 1 |  1.6
Throwing       | 1 |  1.6
Armour         | 1 |  1.6
Shields        | 1 |  1.6
Unarmed Combat | 1 |  1.6
Spellcasting   | 1 |  1.6
Conjurations   | 1 |  1.2
Hexes          | 1 |  1.2
Summonings     | 1 |  1.2
Necromancy     | 1 |  1.2
Translocations | 1 |  1.2
Transmutations | 1 |  1.2
Fire Magic     | 1 |  1.2
Ice Magic      | 1 |  1.2
Air Magic      | 1 |  1.2
Earth Magic    | 1 |  1.2
Poison Magic   | 1 |  1.2
Invocations    | 1 |  1.8
Evocations     | 1 |  1.6
Fighting       | |  6.7
Short Blades   | |  4.8
Dodging        | |  4.8

Action                   |  1- 3 |  4- 6 || total
-------------------------+-------+-------++-------
Melee: Short sword       |     1 |    31 ||    32
       Bite              |       |     5 ||     5
       Punch             |       |     1 ||     1
 Stab: Sleeping          |     1 |     2 ||     3
       Distracted        |       |     1 ||     1
Armor: Leather armour    |       |     3 ||     3
Dodge: Dodged            |       |     9 ||     9
